 Dungeon Crawl Stone Soup version 0.21-a0-104-g7b58145 (webtiles) character file.

5520 Ordine the Cleaver (level 10, 0/85 HPs)
             Began as a Deep Dwarf Fighter on July 6, 2017.
             Was a Believer of Makhleb.
             Slain by a cyan ugly thing (12 damage)
             ... on level 10 of the Dungeon.
             The game lasted 00:27:25 (6929 turns).

Ordine the Cleaver (Deep Dwarf Fighter)             Turns: 6929, Time: 00:27:25

Health: 0/85       AC: 14    Str: 19    XL:     10   Next: 43%
Magic:  12/12      EV:  6    Int: 15    God:    Makhleb [**....]
Gold:   883        SH: 13    Dex: 17    Spells: 8/9 levels left

rFire    . . .     SeeInvis .   m - +0 war axe (chop)
rCold    . . .     Gourm    .   c - +1 shield
rNeg     . . .     Faith    .   v - +0 plate armour
rPois    .         Spirit   .   (no helmet)
rElec    .         Reflect  .   u - +0 cloak {MR+}
rCorr    .         Harm     .   (no gloves)
MR       ++...                  (no boots)
Stlth    ..........             a - amulet of rage
HPRegen  0.00/turn              I - +4 ring of dexterity
MPRegen  0.13/turn              B - ring of Interdependent Arising {AC+1 Int+3}

@: about to teleport, non-regenerating
A: damage resistance, heal wounds, sense surroundings 2, no regeneration
a: Heal Wounds, Minor Destruction, Renounce Religion, Evoke Berserk Rage


You were on level 10 of the Dungeon.
You worshipped Makhleb.
Makhleb was pleased with you.
You were not hungry.

You visited 2 branches of the dungeon, and saw 11 of its levels.
You also visited: Ossuary.

You collected 883 gold pieces.

Inventory:

Hand Weapons
 m - a +0 war axe of chopping (weapon)
Armour
 c - a +1 shield (worn)
 u - a +0 cloak of magic resistance (worn)
 v - a +0 plate armour (worn)
Magical Staves
 L - an uncursed staff of energy
Jewellery
 a - an amulet of rage (around neck)
 B - the ring of Interdependent Arising (right hand) {AC+1 Int+3}
   (You found it on level 9 of the Dungeon)

   [ring of protection]

   It affects your AC (+1).
   It affects your intelligence (+3).
 G - an uncursed ring of resist corrosion
 I - a +4 ring of dexterity (left hand)
Wands
 n - a wand of flame (27/48)
 t - a wand of scattershot (3/9)
 F - a wand of digging (13/24)
 H - a wand of lightning (11/15)
 J - a wand of disintegration (0/24)
Scrolls
 b - 2 scrolls of amnesia
 k - 4 scrolls of recharging
 l - 2 scrolls of immolation
 o - 2 scrolls of fear
 y - 2 scrolls of teleportation
 K - a scroll of magic mapping
Potions
 e - 2 potions of berserk rage
 g - 5 potions of flight
 h - 6 potions of curing
 p - 2 potions of haste
 r - 2 potions of invisibility
 s - a potion of brilliance
 z - 3 potions of agility
 A - a potion of mutation
 C - a potion of ambrosia
 D - a potion of lignification
 E - 3 potions of heal wounds
 M - 2 potions of resistance {unknown}
Books
 w - a book of Necromancy

   Spells                             Type                      Level
   a - Pain                           Necromancy                   1
   b - Animate Skeleton               Necromancy                   1
   c - Vampiric Draining              Necromancy                   3
   d - Regeneration                   Charms/Necromancy            3
   e - Animate Dead                   Necromancy                   4
   f - Control Undead                 Necromancy                   4
 x - a book of Cantrips

   Spells                             Type                      Level
   a - Confusing Touch                Hexes                        1
   b - Animate Skeleton               Necromancy                   1
   c - Summon Small Mammal            Summoning                    1
   d - Apportation                    Translocation                1
Comestibles
 d - 19 chunks of flesh
 f - 9 bread rations
 i - 4 meat rations
 j - 2 fruits
 q - 5 royal jellies


   Skills:
 + Level 3.7 Fighting
 * Level 11.9 Axes
 + Level 4.3 Armour
 + Level 2.6 Dodging
 - Level 9.0 Shields
 + Level 6.6 Invocations
 + Level 5.2 Evocations


You had 8 spell levels left.
You knew the following spells:

 Your Spells              Type           Power        Failure   Level  Hunger
a - Apportation           Tloc           #.....       100%        1    ##.....


Dungeon Overview and Level Annotations

Branches:
Dungeon (10/15)            Temple (1/1) D:5
   Lair: D:8-11         Orc: D:9-12

Altars:
Ashenzari
Cheibriados
Dithmenos
Elyvilon
Fedhas
Gozag
Hepliaklqana
Kikubaaqudgha
Makhleb
Nemelex Xobeh
Okawaru
Qazlal
Ru
Sif Muna
Trog
Uskayaw
Vehumet
Wu Jian
Xom
Yredelemnul
Zin
The Shining One

Shops:
D:5 *


Innate Abilities, Weirdness & Mutations

You are resistant to damage.
You can heal yourself by infusing magical energy.
You passively map the area around you.
You do not regenerate.


Message History

Press: ? - help, Shift-Dir - straight line, f - cyan ugly thing
Aim: a cyan ugly thing (chance to defeat MR: 69%)
The cyan ugly thing is blasted.
Evoking this partially-identified wand wasted a few charges.
The cyan ugly thing bites you!
* * * LOW HITPOINT WARNING * * *
The cyan ugly thing shocks you!
* * * LOW HITPOINT WARNING * * *
Unknown command.
You feel much better. The cyan ugly thing bites you!
* * * LOW HITPOINT WARNING * * *
The cyan ugly thing shocks you!
* * * LOW HITPOINT WARNING * * *
You block the jelly's attack.
Unknown command.
As you read the scroll of teleportation, it crumbles to dust.
You feel strangely unstable. The cyan ugly thing bites you!
* * * LOW HITPOINT WARNING * * *
The cyan ugly thing shocks you!
You die...

,, #......#** ,
#......# ,,,
,#......# #......# ,
, #......# , ,
####......#
##........<# ,
...........#
,,........@..# ,
.......Ju..# ,
...........# ,
,,#..............#
+..............# ,
#..............# *
#.....#####....#
#+###.....#...#..###
....#.....#...#..#


You could see a cyan ugly thing and a jelly.

Vanquished Creatures
  Pikel (D:9)
  Maurice (D:9)
  2 hippogriffs (D:9)
  Sigmund (D:4)
  A spriggan (D:9)
  4 yaks (D:10)
  Eustachio (D:6)
  Menkaure (D:4)
  An orc warrior (D:6)
  2 ice beasts
  3 sky beasts
  3 ogres
  A black bear (D:8)
  A phantom (D:4)
  2 centaurs
  A big kobold (D:9)
  8 bullfrogs
  A scorpion (D:4)
  A water moccasin skeleton (D:7)
  2 howler monkeys
  2 crimson imps
  3 centaur zombies
  An orc priest (D:9)
  A quasit (D:9)
  2 bullfrog skeletons
  6 hounds
  8 iguanas
  Crazy Yiuf (D:4)
  Jessica (D:2)
  7 orc wizards
  4 worker ants
  3 hound skeletons
  A howler monkey zombie (D:9)
  8 mummies (Ossuary)
  3 gnolls (D:9)
  10 adders
  3 shadow imps
  3 oozes
  2 worms
  2 dart slugs (D:1)
  A leopard gecko (D:5)
  16 orcs
  2 ball pythons
  A giant cockroach (D:3)
  3 gnoll zombies (Ossuary)
  7 hobgoblins
  8 jackals
  4 quokkas
  6 bats
  4 frilled lizards
  A giant cockroach zombie (D:6)
  6 goblins
  A hobgoblin zombie (Ossuary)
  A jackal skeleton (D:5)
  9 kobolds
  2 kobold zombies (Ossuary)
  2 orc zombies (Ossuary)
  5 rats
188 creatures vanquished.

Vanquished Creatures (others)
  2 slaves (D:9)
2 creatures vanquished.

Grand Total: 190 creatures vanquished

Notes
Turn   | Place    | Note
-------+----------+-------------------------------------------
     0 | D:1      | Ordine the Deep Dwarf Fighter began the quest for the Orb.
     0 | D:1      | Reached XP level 1. HP: 20/20 MP: 1/1
    67 | D:1      | Reached XP level 2. HP: 20/27 MP: 2/2
   330 | D:1      | Reached skill level 3 in Axes
   528 | D:1      | Reached XP level 3. HP: 19/33 MP: 3/3
   809 | D:2      | Found a shadowy altar of Dithmenos.
   903 | D:2      | Found a sparkling altar of Nemelex Xobeh.
   903 | D:2      | Noticed Jessica
   907 | D:2      | Killed Jessica
   907 | D:2      | Reached skill level 4 in Axes
   907 | D:2      | Reached XP level 4. HP: 31/40 MP: 4/4
  1134 | D:3      | Reached XP level 5. HP: 25/46 MP: 5/5
  1262 | D:3      | Reached skill level 5 in Axes
  1262 | D:3      | Reached skill level 5 in Shields
  1542 | D:4      | Noticed a phantom
  1543 | D:4      | Found a radiant altar of Vehumet.
  1543 | D:4      | Found a hazy altar of Hepliaklqana.
  1544 | D:4      | Found a glowing silver altar of Zin.
  1544 | D:4      | Found a white marble altar of Elyvilon.
  1544 | D:4      | Noticed Menkaure
  1562 | D:4      | Killed Menkaure
  1562 | D:4      | Reached XP level 6. HP: 29/55 MP: 6/6
  1567 | D:4      | Found a basalt altar of Yredelemnul.
  1570 | D:4      | Found a deep blue altar of Sif Muna.
  1579 | D:4      | Reached skill level 6 in Axes
  1633 | D:4      | Noticed Sigmund
  1648 | D:4      | Killed Sigmund
  1648 | D:4      | Reached skill level 7 in Axes
  1648 | D:4      | Reached XP level 7. HP: 44/61 MP: 7/7
  1733 | D:4      | Found a runed door.
  1737 | D:4      | Noticed Crazy Yiuf
  1742 | D:4      | Killed Crazy Yiuf
  2059 | D:5      | Entered Level 5 of the Dungeon
  2093 | D:5      | Reached skill level 8 in Axes
  2227 | D:5      | Found a sand-covered staircase.
  2235 | Ossuary  | Entered an ossuary
  2472 | D:5      | Found Inenwuecs's General Store.
  2490 | D:5      | Found a staircase to the Ecumenical Temple.
  2498 | Temple   | Entered the Ecumenical Temple
  2626 | Temple   | Became a worshipper of Makhleb the Destroyer
  2739 | D:5      | Reached XP level 8. HP: 43/68 MP: 7/7
  2986 | D:5      | Reached skill level 9 in Axes
  3005 | D:5      | Reached skill level 1 in Invocations
  3317 | D:6      | Learned a level 1 spell: Apportation
  3437 | D:6      | Found a sacrificial altar of Ru.
  3521 | D:6      | Noticed Eustachio
  3528 | D:6      | Killed Eustachio
  3606 | D:6      | Reached skill level 10 in Axes
  4048 | D:7      | Gained mutation: You passively map the area around you. [Deep Dwarf growth]
  4048 | D:7      | Reached XP level 9. HP: 26/74 MP: 9/9
  4544 | D:7      | Reached skill level 1 in Evocations
  4555 | D:7      | Reached * piety under Makhleb
  4586 | D:7      | Found a burning altar of Makhleb.
  5198 | D:8      | Reached skill level 5 in Invocations
  5668 | D:9      | Reached skill level 11 in Axes
  5809 | D:9      | Found a snail-covered altar of Cheibriados.
  5821 | D:9      | Got a crude granite ring
  5823 | D:9      | Identified the ring of Interdependent Arising {AC+1 Int+3} (You found it on level 9 of the Dungeon)
  5956 | D:9      | Found a sparkling altar of Nemelex Xobeh.
  5956 | D:9      | Found a blossoming altar of Fedhas.
  5972 | D:9      | Noticed Pikel
  6027 | D:9      | Killed Pikel
  6027 | D:9      | Reached skill level 1 in Dodging
  6089 | D:9      | Reached ** piety under Makhleb
  6170 | D:9      | Reached XP level 10. HP: 60/84 MP: 12/12
  6190 | D:9      | Noticed Maurice
  6205 | D:9      | Killed Maurice
  6668 | D:10     | Entered Level 10 of the Dungeon
  6756 | D:10     | Reached skill level 5 in Evocations
  6874 | D:10     | Noticed a cyan ugly thing
  6929 | D:10     | Slain by a cyan ugly thing

Vault maps used:
D:1:      minmay_arrival_four_loops
D:2:      lemuel_crystal_altar, nemelex_lonely_heart_becter
D:4:      grunt_temple_overflow_open, kennysheep_crisscross, uniq_sigmund,
          uniq_menkaure, uniq_crazy_yiuf_cottage
D:5:      minmay_temple_entry_statues_fountains, nicolae_ossuary_entry_plus,
          first_bread, serial_shops, shop
D:6:      overflow_temple_1_default, uniq_eustachio
D:7:      basic_altar
D:9:      kennysheep_little_box, gammafunk_temple_overflow_elements, the_bakery,
          uniq_pikel, uniq_maurice
D:10:     minmay_the_grid_square_5x5_3x3, erik_orc_2
Temple:   minmay_temple_curvy_loop
Ossuary:  ossuary_tomb_3

Skill      XL: |  1  2  3  4  5  6  7  8  9 10 |
---------------+-------------------------------+-----
Axes           | 3 4 5 7 8 10 11 | 11.9
Shields        | 4 5 6 8 9 |  9.0
Invocations    | 3 5 6 |  6.6
Evocations     | 4 5 |  5.2
Fighting       | 3 |  3.7
Dodging        | 1 2 |  2.6
Armour         | 4 |  4.3

Action                   |  1- 3 |  4- 6 |  7- 9 | 10-12 || total
-------------------------+-------+-------+-------+-------++-------
Melee: War axe           |    45 |    98 |   165 |   109 ||   417
       Hand axe          |    71 |       |       |       ||    71
       Broad axe         |       |       |   282 |       ||   282
 Abil: Heal Wounds       |     1 |     3 |     8 |     1 ||    13
Evoke: Wand              |       |       |       |     1 ||     1
  Use: Scroll            |     9 |     2 |    20 |     2 ||    33
       Potion            |       |       |     1 |       ||     1
  Eat: Chunk             |       |     2 |    11 |     3 ||    16
       Bread ration      |       |       |     1 |       ||     1
Armor: Scale mail        |    41 |    33 |     1 |       ||    75
       Plate armour      |       |       |   220 |    40 ||   260
Dodge: Dodged            |    37 |    18 |    58 |     9 ||   122
Block: Shield            |    55 |    54 |   294 |    63 ||   466
